Map: Neon Violet Square LE

Players

NightEnD - Winner!

  • Race: Protoss Protoss
  • League: Grandmaster
  • Spawn Location: 5:00

Clem

  • Race: Terran Terran
  • League: Grandmaster
  • Spawn Location: 11:00

Event: WESG Barcelona European Finals 2017

VOD

Have the link to the VOD?

Description

Time

  • Played on: Nov. 24, 2017, 11:14 a.m.
  • Length: 24:49

All games in this series

Show
View Real Time Build Order
Export as new Build Order

NightEnD Protoss - Winner!

Build Orders: 1 Gate Expand, Chargelot Immortal 

Get SALT Encoding   

  12  0:00  Probe  
  13  0:13  Probe  
  14  0:19  Pylon  
  14  0:25  Probe  
  15  0:37  Probe (Chrono Boost)  
  15  0:39  Gateway  
  16  0:47  Probe (Chrono Boost)  
  17  0:51  Probe  
  17  0:54  Assimilator  
  18  1:03  Probe  
  19  1:15  Probe  
  20  1:25  Nexus  
  20  1:35  Cybernetics Core  
  20  1:38  Probe  
  21  1:47  Assimilator  
  21  1:50  Probe  
  22  1:55  Pylon  
  22  2:02  Probe  
  23  2:13  Stalker (Chrono Boost)  
  23  2:15  Probe  
  26  2:24  Robotics Facility  
  26  2:27  Probe  
  27  2:35  Stalker  
  29  2:39  Warp Gate (Chrono Boost)  
  29  2:42  Probe (Chrono Boost)  
  30  2:45  Probe (Chrono Boost)  
  32  2:54  Probe (Chrono Boost)  
  32  2:56  Probe x2 (Chrono Boost)  
  34  3:00  Probe  
  35  3:08  Probe  
  35  3:09  Stalker  
  35  3:12  Probe, Observer (Chrono Boost)  
  40  3:20  Probe, Pylon  
  40  3:24  Probe  
  42  3:32  Probe  
  43  3:36  Probe  
  43  3:37  Gateway  
  43  3:38  Gateway  
  44  3:42  Stalker  
  44  3:46  Probe  
  44  3:48  Gateway, Observer  
  48  3:49  Probe  
  48  3:53  Twilight Council  
  49  3:58  Assimilator  
  49  3:59  Probe  
  50  4:03  Probe  
  50  4:04  Pylon  
  50  4:08  Shield Battery  
  51  4:11  Probe  
  51  4:15  Probe  
  51  4:16  Observer  
  53  4:18  Pylon  
  53  4:23  Probe  
  55  4:27  Probe, Shield Battery  
  55  4:35  Probe  
  56  4:39  Probe, Blink (Chrono Boost)  
  56  4:44  Observer  
  58  4:47  Probe  
  58  4:51  Probe  
  60  4:55  Nexus  
  60  4:57  Pylon  
  60  4:58  Observer  
  60  4:59  Probe  
  61  5:03  Probe  
  62  5:11  Probe, Stalker x3  
  69  5:15  Probe  
  70  5:23  Probe  
  70  5:27  Observer  
  72  5:30  Forge  
  72  5:31  Forge  
  72  5:32  Probe, Pylon  
  73  5:40  Probe  
  74  5:44  Sentry, Probe  
  77  5:53  Sentry x2  
  77  5:54  Probe  
  82  5:57  Gateway  
  82  5:58  Gateway, Pylon  
  82  6:00  Gateway  
  82  6:02  Pylon  
  82  6:03  Pylon  
  82  6:05  Protoss Ground Weapons Level 1 (Chrono Boost)  
  82  6:06  Protoss Ground Armor Level 1 (Chrono Boost)  
  82  6:10  Charge (Chrono Boost)  
  82  6:17  Immortal (Chrono Boost)  
  82  6:18  Pylon  
  86  6:21  Zealot x2  
  86  6:22  Zealot  
  92  6:36  Pylon  
  92  6:43  Zealot x3  
  92  6:46  Pylon  
  92  6:47  Immortal  
  101  6:54  Zealot x2  
  101  6:55  Zealot  
  101  6:59  Observer  
  99  7:08  Zealot x3  
  103  7:16  Nexus  
  103  7:24  Stalker x2  
  103  7:25  Stalker  
  103  7:29  Zealot x3  
  111  7:47  Assimilator  
  111  7:49  Immortal (Chrono Boost)  
  115  7:53  Stalker  
  115  7:54  Stalker x4  
  115  7:57  Stalker  
  113  8:18  Immortal  
  110  8:21  Stalker x3  
  110  8:22  Stalker  
  115  8:31  Probe x2  
  115  8:33  Probe  
  118  8:38  Assimilator  
  118  8:42  Assimilator  
  118  8:43  Probe  
  119  8:56  Zealot x6  
  119  9:02  Probe  
  132  9:03  Probe  
  132  9:07  Probe, Protoss Ground Weapons Level 2 (Chrono Boost)  
  132  9:08  Protoss Ground Armor Level 2 (Chrono Boost)  
  134  9:11  Templar Archives  
  134  9:12  Pylon  
  134  9:29  Psionic Storm  
  134  9:37  Nexus  
  134  9:52  Pylon  
  134  9:55  Pylon  
  134  9:56  Observer  
  134  9:57  High Templar x3  
  134  9:58  Assimilator  
  140  10:02  Assimilator  
  140  10:05  High Templar  
  140  10:06  Zealot x2  
  146  10:16  Nexus  
  146  10:19  Pylon  
  146  10:20  Observer, Pylon  
  146  10:22  Pylon  
  146  10:28  High Templar x2  
  148  10:33  Stalker x3  
  156  10:43  Stalker  
  156  10:48  Gateway  
  158  10:50  Gateway  
  158  10:53  Gateway  
  158  10:55  Gateway  
  158  10:59  High Templar  
  158  11:01  Stalker x4  
  163  11:19  Stalker  
  159  11:32  Zealot x5  
  141  11:47  Zealot  
  141  11:51  Protoss Ground Weapons Level 3 (Chrono Boost), Protoss Ground Armor Level 3 (Chrono Boost)  
  137  11:57  High Templar x3  
  137  11:59  Probe x2  
  143  12:09  Stalker x2  
  143  12:10  Stalker  
  143  12:14  Probe x3  
  148  12:27  Stargate  
  148  12:35  Zealot  
  148  12:36  Zealot x3  
  148  12:37  Zealot x4  
  154  12:40  High Templar x2  
  138  13:02  Stalker x4  
  138  13:04  Stalker x2  
  138  13:05  Probe x3  
  148  13:25  Stargate  
  148  13:32  Stalker  
  150  13:34  High Templar x2  
  150  13:36  Zealot x4  
  150  13:39  Archon  
  162  13:43  High Templar x2  
  162  13:48  Archon  
  162  13:58  Archon  
  126  14:04  Warp Prism (Chrono Boost)  
  126  14:08  High Templar x2  
  126  14:09  Zealot x6  
  140  14:30  Phoenix (Chrono Boost)  
  142  14:37  High Templar x2  
  146  14:38  High Templar  
  146  14:39  Zealot x3  
  146  14:40  Zealot x2  
  156  14:56  Probe x2  
  157  15:04  Warp Prism (Chrono Boost)  
  157  15:10  Stalker x3  
  157  15:11  Stalker x2  
  153  15:28  Archon  
  153  15:29  Archon  
  131  15:39  High Templar x3  
  131  15:41  Zealot x3  
  131  15:42  Zealot x4  
  149  15:53  Observer  
  149  16:03  High Templar x2  
  149  16:04  Zealot x5  
  149  16:11  Assimilator  
  159  16:12  Assimilator  
  159  16:13  Observer  
  160  16:28  Stalker x2  
  160  16:29  Stalker  
  166  16:38  Stalker  
  166  16:39  Zealot, Stalker  
  172  16:40  Zealot x4  
  180  17:00  High Templar  
  182  17:01  Stalker x3  
  182  17:02  Stalker  
  182  17:03  Zealot x2  
  182  17:04  Zealot x2  
  198  17:10  Stalker  
  200  17:25  Nexus  
  172  17:44  High Templar  
  158  17:46  High Templar  
  160  17:51  Stalker  
  160  17:52  Stalker x6  
  172  18:07  High Templar  
  174  18:19  Stalker x2  
  178  18:20  Stalker  
  178  18:21  Stalker x3  
  86  18:50  High Templar x2, Zealot x2  
  86  18:51  Zealot x4  
  96  18:58  Zealot x2  
  100  19:11  Immortal  
  104  19:17  High Templar  
  104  19:22  Stalker x2  
  104  19:23  Stalker x2  
  114  19:24  Zealot  
  114  19:25  Zealot x4  
  118  19:49  Stalker x2  
  118  19:50  Stalker x4  
  130  19:53  Zealot  
  120  20:19  High Templar  
  122  20:21  Stalker x5  
  122  20:22  Zealot  
  122  20:23  Zealot x3  
  136  21:01  Nexus  
  132  21:12  Zealot x3  
  132  21:13  Zealot x7  
  148  21:39  High Templar x3  
  154  21:44  Stalker  
  154  21:45  Stalker x6  
  168  21:49  Probe  
  168  21:50  Probe x2  
  169  22:17  Stalker x6  
  179  22:33  High Templar x2  
  179  22:34  Zealot x2  
  181  22:50  Zealot  
  181  22:51  Zealot x3  
  185  22:52  Stalker x2  
  188  23:00  Observer (Chrono Boost)  
  181  23:14  Stalker  
  181  23:15  Stalker x3  
  188  23:26  Observer  
  183  23:36  Warp Prism (Chrono Boost)  
  185  23:44  Zealot  
  185  23:45  Zealot x6  
  189  24:12  Assimilator  
  189  24:16  Assimilator  
  185  24:20  Zealot x7  
Show
View Real Time Build Order
Export as new Build Order

Clem Terran 

Build Orders: Reaper Expand, MMM Bio 

Get SALT Encoding   

  12  0:00  SCV  
  13  0:12  SCV  
  14  0:17  Supply Depot  
  14  0:24  SCV  
  15  0:39  SCV  
  15  0:40  Barracks  
  16  0:44  Refinery  
  16  0:51  SCV  
  17  1:03  SCV  
  18  1:15  SCV  
  19  1:27  Reaper  
  19  1:28  Orbital Command  
  20  1:44  Command Center  
  21  1:54  SCV  
  21  1:59  Barracks  
  21  2:03  Barracks Reactor  
  21  2:06  SCV  
  22  2:13  Supply Depot  
  22  2:18  SCV  
  23  2:24  Barracks  
  23  2:35  SCV  
  24  2:39  Marine x2  
  26  2:46  Barracks Tech Lab  
  26  2:47  SCV  
  27  2:56  Orbital Command  
  27  2:57  Marine x2  
  29  2:59  SCV  
  29  3:04  Stimpack  
  30  3:06  Marine  
  30  3:09  Engineering Bay  
  30  3:12  SCV  
  32  3:14  Marine  
  32  3:16  Marine  
  32  3:19  Marine  
  35  3:22  SCV  
  35  3:25  SCV  
  37  3:28  Supply Depot, Marine  
  38  3:34  SCV  
  38  3:36  Terran Infantry Weapons Level 1  
  38  3:37  Marine  
  38  3:38  Marine  
  41  3:42  SCV, Marine  
  41  3:47  Supply Depot  
  43  3:49  Marine  
  43  3:53  SCV  
  43  3:54  SCV  
  43  3:55  Marine  
  47  3:59  Factory  
  47  4:05  SCV, Marine, Refinery  
  47  4:07  Barracks Tech Lab  
  49  4:10  Supply Depot  
  49  4:13  Missile Turret  
  49  4:15  SCV  
  50  4:17  SCV  
  50  4:20  Marine, Marauder  
  50  4:23  Marine  
  55  4:27  SCV, Supply Depot  
  55  4:29  SCV  
  57  4:33  Marauder  
  59  4:39  SCV  
  59  4:41  SCV  
  59  4:43  Supply Depot  
  59  4:45  Marine x2  
  63  4:48  Refinery  
  63  4:52  Starport  
  63  4:53  Factory Reactor  
  63  4:55  SCV  
  63  5:01  Marauder  
  63  5:03  Marauder  
  67  5:07  Supply Depot  
  67  5:09  SCV x2  
  67  5:13  Supply Depot  
  69  5:16  Refinery  
  69  5:20  Marine x2  
  71  5:21  SCV  
  71  5:22  SCV  
  71  5:26  Marauder  
  75  5:28  Combat Shields  
  75  5:34  SCV, Supply Depot  
  76  5:36  SCV  
  77  5:44  Marauder  
  77  5:46  Medivac x2  
  77  5:49  Concussive Shells  
  83  5:54  Supply Depot  
  83  5:55  Marine x2  
  85  5:58  Marauder  
  87  6:04  Factory Reactor  
  87  6:06  Marauder  
  87  6:07  Terran Infantry Armor Level 1  
  89  6:13  Command Center  
  89  6:16  SCV x2  
  91  6:23  Medivac  
  93  6:25  Medivac  
  93  6:26  Marine x2  
  93  6:28  SCV  
  93  6:32  Supply Depot  
  98  6:35  Barracks  
  98  6:36  Barracks  
  98  6:38  SCV  
  98  6:40  SCV, Liberator  
  98  6:42  Marauder  
  98  6:46  Marine x2  
  103  6:50  Supply Depot  
  103  6:54  Widow Mine x2  
  103  7:00  SCV  
  108  7:06  Marine x2  
  108  7:07  SCV, Marauder, Liberator  
  111  7:12  Marauder  
  111  7:15  SCV, Supply Depot  
  114  7:19  SCV  
  115  7:28  Marauder  
  115  7:29  Liberator, Orbital Command  
  120  7:32  Widow Mine  
  120  7:33  Widow Mine  
  120  7:38  Marine x2  
  120  7:39  Barracks Tech Lab, Barracks Reactor  
  120  7:42  SCV x2  
  120  7:44  Marauder  
  125  7:49  Marine  
  129  7:55  Starport  
  129  7:59  Fusion Core  
  129  8:00  SCV x3  
  129  8:02  Refinery  
  129  8:03  Refinery  
  132  8:05  Supply Depot  
  132  8:11  Medivac, Widow Mine x2  
  123  8:14  Marine, Marauder  
  123  8:17  Marine, Marauder  
  123  8:19  SCV x2, Marine  
  126  8:24  Marine, Marauder, Liberator  
  125  8:28  SCV  
  125  8:31  SCV  
  125  8:32  Marine, Starport Tech Lab  
  125  8:33  SCV  
  126  8:35  Marine  
  126  8:37  Marine, Marauder  
  126  8:38  Marine, Liberator  
  126  8:40  Widow Mine, Liberator  
  133  8:42  Marine  
  133  8:43  Widow Mine  
  133  8:45  Marine  
  137  8:53  Supply Depot, Bunker x2  
  140  9:03  Marauder x2  
  140  9:05  Supply Depot  
  144  9:11  Armory  
  144  9:12  Engineering Bay  
  144  9:17  Marine x4, Widow Mine  
  144  9:20  Liberator  
  144  9:21  Liberator  
  144  9:23  Supply Depot, Marauder  
  152  9:25  Widow Mine  
  154  9:35  Command Center, Liberator  
  155  9:41  Advanced Ballistics  
  158  9:46  Widow Mine  
  161  9:52  Supply Depot  
  161  9:53  Command Center  
  161  9:57  Marine x2, Marauder  
  165  10:00  Supply Depot  
  165  10:01  Supply Depot  
  165  10:02  Sensor Tower  
  165  10:03  Liberator  
  165  10:06  Marine x2  
  171  10:07  Widow Mine, Marauder x2  
  173  10:17  Marine x2, Widow Mine  
  173  10:20  Marauder  
  182  10:28  Marauder x2  
  186  10:29  Marine x2  
  188  10:41  Marine, Marauder  
  191  10:44  Liberator  
  191  10:47  Barracks, Terran Infantry Weapons Level 2  
  191  10:48  Barracks  
  191  10:49  Marauder x2  
  195  10:51  Terran Infantry Armor Level 2  
  191  10:57  Widow Mine x2  
  191  11:03  Liberator  
  196  11:12  Marine, Marauder  
  196  11:25  Liberator  
  196  11:26  Marine x2, Marauder  
  196  11:27  Planetary Fortress  
  196  11:28  Terran Ship Weapons Level 1  
  200  11:35  Liberator  
  189  11:40  Widow Mine  
  189  11:41  Widow Mine  
  173  11:50  Ghost Academy  
  173  11:51  Marine x2  
  164  11:55  Marine x3, Marauder, Liberator  
  164  11:56  Marine x2, Marauder  
  173  12:09  Marine x2, Widow Mine x2  
  173  12:13  Barracks Tech Lab, Marine x2  
  173  12:14  Marauder, Liberator  
  173  12:15  Barracks Tech Lab  
  186  12:17  Starport, Marauder, Refinery  
  186  12:20  Marauder  
  186  12:21  Refinery  
  190  12:27  Marine  
  191  12:32  Marine  
  191  12:33  Marine, Marauder  
  191  12:35  SCV x2  
  191  12:36  Marauder  
  198  12:51  Command Center  
  198  12:53  Widow Mine, Marauder  
  198  12:55  Medivac  
  198  12:56  Medivac  
  198  12:58  Marine  
  177  13:00  Marine  
  177  13:05  Medivac  
  180  13:06  Marine, Marauder  
  180  13:07  Marine  
  180  13:08  Marine, Liberator  
  180  13:11  Marine x2  
  187  13:13  Marine  
  187  13:16  Liberator x2  
  187  13:18  Terran Infantry Weapons Level 3  
  188  13:31  Marine x4  
  198  13:43  Terran Infantry Armor Level 3  
  198  13:46  Starport Reactor, Ghost  
  200  13:50  Liberator  
  165  13:55  Widow Mine  
  165  13:57  Widow Mine  
  165  13:58  Marine  
  165  13:59  Marauder, Liberator x2  
  165  14:00  Marine x2  
  165  14:02  Marauder  
  138  14:04  Marine  
  138  14:09  Marine  
  131  14:10  Marauder  
  131  14:15  Marine, Liberator  
  132  14:20  Marauder  
  132  14:21  Marine  
  132  14:24  Widow Mine, Liberator  
  134  14:33  Liberator  
  134  14:35  Marine, Marauder  
  134  14:36  Marauder  
  142  14:42  Liberator  
  145  14:48  Liberator  
  145  14:49  Orbital Command  
  145  14:51  Marine x3, Marauder  
  153  14:54  Marine  
  153  14:59  Marauder  
  159  15:13  Liberator  
  159  15:16  Marauder  
  159  15:18  Liberator  
  161  15:28  Marine, Marauder  
  150  15:32  Marine  
  150  15:33  Marauder  
  150  15:35  Widow Mine x2  
  150  15:39  Marine x3, Marauder  
  150  15:41  Liberator  
  150  15:43  Marauder  
  150  15:45  Marine  
  150  15:49  Sensor Tower, Marine  
  154  15:50  Marine  
  155  16:00  Marine, Marauder  
  155  16:01  Liberator  
  155  16:04  Widow Mine, Marine  
  153  16:05  Marauder  
  153  16:09  Marine  
  153  16:10  Marauder  
  153  16:11  Widow Mine  
  163  16:22  Marine x2  
  163  16:23  Marauder  
  163  16:25  Ghost  
  170  16:27  Ghost  
  174  16:36  Terran Ship Weapons Level 2  
  174  16:39  Marine  
  174  16:40  Marine, Marauder, Liberator  
  174  16:42  Marauder  
  180  16:49  Ghost  
  182  16:58  Ghost  
  187  17:05  Liberator, Orbital Command  
  184  17:12  Marine x2  
  184  17:13  Marine, Marauder  
  189  17:15  Marine  
  189  17:18  Refinery  
  189  17:20  Liberator  
  189  17:22  Refinery  
  193  17:35  Marine  
  193  17:36  Marauder  
  170  17:45  Ghost  
  170  17:46  Marine x3, Marauder  
  177  17:55  Marine x2, Marauder  
  177  17:57  Marine  
  182  18:04  Marine x3  
  185  18:07  Marine  
  186  18:14  Marine  
  186  18:15  Command Center, Marauder  
  186  18:18  Marauder  
  191  18:21  Marine, Marauder, Liberator  
  188  18:27  Marine  
  188  18:28  Marine, Marauder  
  189  18:41  Widow Mine  
  156  18:44  Liberator  
  156  18:46  Marine  
  156  18:48  Liberator  
  114  18:53  Marine, Marauder  
  114  18:54  Marine  
  107  19:10  Medivac x2  
  107  19:15  Marine, Marauder  
  107  19:16  Marine x2, Liberator  
  116  19:19  Marine  
  116  19:21  Marauder  
  116  19:24  Widow Mine x2, Liberator  
  119  19:29  Marine  
  126  19:31  Marauder  
  126  19:34  Marine  
  126  19:35  Marine  
  126  19:37  Marine  
  132  19:43  Marine  
  133  19:51  Liberator  
  133  19:53  Refinery  
  133  19:55  Marine  
  133  19:56  Marauder  
  133  19:58  Marauder  
  135  20:04  Liberator  
  134  20:07  Liberator  
  134  20:09  Widow Mine  
  134  20:10  Marine  
  134  20:11  Marauder  
  134  20:12  Marine  
  142  20:29  Marine x2  
  142  20:30  Marauder  
  138  20:43  Marine x2, Marauder  
  138  20:48  Marine x2  
  138  20:49  Marauder, Liberator  
  144  20:54  Medivac  
  143  21:02  Liberator  
  138  21:08  Marine, Marauder  
  134  21:24  Liberator  
  137  21:54  Marine  
  138  22:08  Marine, Orbital Command  
  128  22:09  Marauder  
  123  22:20  Marine x2  
  125  22:33  Marine  
  125  22:43  Marauder  
  118  22:52  Marine  
  117  23:13  Widow Mine  
  117  23:15  Marine  
  117  23:16  Marauder  
  117  23:17  Liberator  
  111  23:38  Marine  
  107  23:56  Marine, Marauder  
  70  24:12  Marauder  
Tags
 
Add a new tag
Caveats
  • Supply blocks, unpowered buildings, or Contaminate may cause inaccurate times.
  • Supply counts are checked every 10 seconds.